Pick #1

Connor Bedard
Pick #2

Leo Carlsson
Pick #3

Adam Fantilli
Pick #4

Matvei Michkov
Pick #5

David Reinbacher
Pick #6

William Smith
Pick #7

Zachary Benson
Pick #8

Ryan Leonard
Pick #9

Gabriel Perreault
Pick #10

Axel Sandin-Pellika
Pick #11

Daniil But
Pick #12

Dalibor Dvorsky
Pick #13

Quentin Musty
Pick #14

Brayden Yager
Pick #15

Dmitry Simashev
Pick #16

Colby Barlow
Pick #17

Andrew Cristall
Pick #18

Easton Cowan
Pick #19

Jacob Fowler
Pick #20

Oliver Moore
Pick #21

Oliver Bonk
Pick #22

Tom Willander
Pick #23

Calum Ritchie
Pick #24

Tanner Molendyk
Pick #25

Gavin Brindley
Pick #26

Nate Danielson
Pick #27

Pick #28

Pick #29

Pick #30

Pick #31

Pick #32

Pick #33

Pick #34

Pick #35

Pick #36

Pick #37

Pick #38

Pick #39

Pick #40

Pick #41

Pick #42

Pick #43

Pick #44

Pick #45

Pick #46

Pick #47

Pick #48

Pick #49

Pick #50

Pick #51

Pick #52

Pick #53

Pick #54

Pick #55

Pick #56

Pick #57

Pick #58

Pick #59

Pick #60

Pick #61

Pick #62

Pick #63

Pick #64

Pick #65

Pick #66

Pick #67

Pick #68

Pick #69

Pick #70

Pick #71

Pick #72

Pick #73

Pick #74

Pick #75

Pick #76

Pick #77

Pick #78

Pick #79

Pick #80

Pick #81

Pick #82

Pick #83

Pick #84

Pick #85

Pick #86

Pick #87

Pick #88

Pick #89

Pick #90

Pick #91

Pick #92

Pick #93

Pick #94

Pick #95

Pick #96

Pick #97

Pick #98

Pick #99

Pick #100

Pick #101

Pick #102

Pick #103

Pick #104

Pick #105

Pick #106

Pick #107

Pick #108

Pick #109

Pick #110

Pick #111

Pick #112

Pick #113

Pick #114

Pick #115

Pick #116

Pick #117

Pick #118

Pick #119

Pick #120

Pick #121

Pick #122

Pick #123

Pick #124

Pick #125

Pick #126

Pick #127

Pick #128

Pick #129

Pick #130

Full Scoreboard »»

Lightning vs Panthers

Created - March 1, 2024 at 23:17

Goals
1 2 3 T
Lightning 1 0 1 2
Panthers 1 1 4 6
Shots
1 2 3 T
Lightning 11 7 7 25
Panthers 12 4 18 34

GoalsPenalties
1st period
1. Panthers , Jamie Benn 13 (Reilly Smith 21, Jake Sanderson 20) at 6:23
2. Lightning , Sam Bennett 22 (Patrice Bergeron 36, Kevin Shattenkirk 26) at 9:12 (PP)
Owen Power (FLA) for Cross-checking (Minor) at 1:28
Quinn Hughes (FLA) for Holding (Minor) at 8:52
Brandon Montour (TBL) for Hooking (Minor) at 9:23
2nd period
3. Panthers , Oliver Ekman-Larsson 4 (Jack Hughes 20, Mike Matheson 32) at 15:50
Charlie McAvoy (FLA) for Delaying the game (Minor) at 0:25
Jake Sanderson (FLA) for Hooking (Minor) at 3:41
Erik Haula (TBL) for Tripping (Minor) at 7:58
John Klingberg (TBL) for Tripping (Minor) at 12:15
Oliver Ekman-Larsson (FLA) for High sticking (Minor) at 18:30
3rd period
4. Panthers , Aleksander Barkov 33 (Andrei Svechnikov 25, Matthew Tkachuk 26) at 4:07
5. Panthers , Oliver Ekman-Larsson 5 (Aleksander Barkov 39, Matthew Tkachuk 27) at 4:32
6. Panthers , Reilly Smith 16 (Jamie Benn 13, Owen Power 34) at 12:04
7. Lightning , John Klingberg 9 (Sam Bennett 22, Patrice Bergeron 37) at 13:31
8. Panthers , Jack Hughes 16 (Roope Hintz 35, Brady Tkachuk 13) at 14:22
Sam Bennett (TBL) for Hooking (Minor) at 9:28
Goalie Stats
Jacob Markstrom (TBL), 28 saves from 34 shots - (0.824), L, 30-19-6, 60:00 minutes
Craig Anderson (FLA), 23 saves from 25 shots - (0.920), W, 6-1-0, 60:00 minutes
3 StarsOfficial
1 - Jamie Benn (FLA)
2 - Oliver Ekman-Larsson (FLA)
3 - Jack Hughes (FLA)
Referees : Trevor Hanson and Dean Morton
Linesman : Luke Galvin and Steve Miller
Game Note
No Game Note
Finance
Level 1 -- Attendance: 6000 (100.00%) -- Ticket Income $720,000
Level 2 -- Attendance: 5000 (100.00%) -- Ticket Income $465,000
Level 3 -- Attendance: 3093 (88.37%) -- Ticket Income $210,324
Level 4 -- Attendance: 2850 (76.00%) -- Ticket Income $122,550
Luxury Box -- Attendance: 879 (87.90%) -- Ticket Income $202,170
Game was played at the BBT Center.
Total Attendance: 17822 (92.58%)
Total Ticket Income: $1,720,044
Other Income: $430,011
Total Income: $2,150,055



Team Name Goals Shots Shots Attemp Shots Blocked PIM HIT PP PK FO%
Lightning 2255048301 / 5 (20%)050%
Panthers 634661210260 / 4 (0%)150%

Lightning
Player Name POS G A P +/- PIM HIT SHT SB MP PP MP PP SHT PK MP PK SHT FO% FOT
Alex KillornLW000-102308:550:0001:0200% 0
Andrew PeekeD000-2041012:180:0000:0000% 0
Barclay GoodrowC000-201008:210:0002:0500% 1
Ben ChiarotD000-3061022:023:2904:1600% 0
Brandon MontourD0000211024:394:4712:4000% 0
Brock NelsonC000-1003019:404:5800:29050% 22
Dawson MercerC000-100008:230:3000:0000% 1
Erik HaulaLW000-2210010:370:0004:220100% 1
Jeff SkinnerLW000-1011017:583:1810:270100% 1
John KlingbergD1010201124:374:4702:3800% 0
Kaiden GuhleD000-2020014:300:0002:1200% 0
Kevin ShattenkirkD011-3011221:523:2914:0600% 0
Patrice BergeronC022-1004120:244:5810:00053% 30
Ryan StromeC000-101109:580:0002:05042% 12
Sam BennettC112-1274020:234:5810:0000% 0
Teddy BluegerC000-2000011:380:0005:22062% 13
Tyler ToffoliRW000-1031017:313:1800:000100% 1
William KarlssonC000-1003018:142:4810:0000% 4
Panthers
Player Name POS G A P +/- PIM HIT SHT SB MP PP MP PP SHT PK MP PK SHT FO% FOT
Aleksander BarkovC1121003021:444:4900:00038% 26
Andrei SvechnikovRW0111023021:444:4900:00067% 3
Brady TkachukLW0112054016:263:0710:00050% 2
Charlie McAvoyD000-1241223:394:4904:1000% 0
Frederick GaudreauC0000020010:430:0005:55060% 10
Jack HughesC1122004016:263:0700:0000% 0
Jake SandersonD0114230120:290:0002:2800% 0
Jamie BennLW112203408:460:0000:00050% 2
Matthew TkachukLW0221011021:444:4900:0000% 2
Michael McLeodC000000107:090:0002:21050% 2
Mikael BacklundC0002000014:410:0005:55061% 18
Mike MathesonD0112021014:123:0710:0000% 0
Oliver Ekman-LarssonD2022212213:440:0002:4000% 0
Owen PowerD0114223423:433:0712:3500% 0
Quinn HughesD000-1212324:084:4924:3900% 0
Reilly SmithRW1122002011:070:0002:2100% 0
Robby FabbriC000000004:480:0000:0000% 0
Roope HintzC0112003016:263:0710:00052% 21



Play-by-Play

1st period


0:01 of 1st period - Aleksander Barkov wins face-off versus William Karlsson in neutral zone.
1:00 of 1st period - John Klingberg is hit by Owen Power and loses puck.
1:11 of 1st period - Shot by Jack Hughes.
1:11 of 1st period - Deflect By Roope Hintz.
1:11 of 1st period - Shot Misses the Net.
1:28 of 1st period - Minor Penalty to Owen Power for Cross-checking.
1:29 of 1st period - Mikael Backlund wins face-off versus William Karlsson in Panthers zone.
1:29 of 1st period - Mikael Backlund is hit by Jeff Skinner.
2:27 of 1st period - Icing by John Klingberg.
2:28 of 1st period - Mikael Backlund wins face-off versus Patrice Bergeron in Lightning zone.
2:51 of 1st period - Frederick Gaudreau is hit by Ben Chiarot and loses puck.
3:08 of 1st period - Shot by Kevin Shattenkirk.
3:08 of 1st period - Shot Misses the Net.
3:10 of 1st period - Shot by Kevin Shattenkirk.
3:10 of 1st period - Shot Misses the Net.
3:12 of 1st period - Shot by Kevin Shattenkirk.
3:12 of 1st period - Stopped by Craig Anderson without a rebound.
3:13 of 1st period - Michael McLeod wins face-off versus Patrice Bergeron in Panthers zone.
4:12 of 1st period - Icing by Kaiden Guhle.
4:13 of 1st period - Teddy Blueger wins face-off versus Roope Hintz in Lightning zone.
4:13 of 1st period - Teddy Blueger is hit by Brady Tkachuk.
4:39 of 1st period - Icing by Quinn Hughes.
4:40 of 1st period - Brock Nelson wins face-off versus Brady Tkachuk in Panthers zone.
5:15 of 1st period - Icing by Quinn Hughes.
5:16 of 1st period - Patrice Bergeron wins face-off versus Roope Hintz in Panthers zone.
5:16 of 1st period - Patrice Bergeron is hit by Charlie McAvoy.
5:46 of 1st period - John Klingberg is hit by Jamie Benn and loses puck.
5:56 of 1st period - Icing by Jake Sanderson.
5:57 of 1st period - Mikael Backlund wins face-off versus Ryan Strome in Panthers zone.
5:57 of 1st period - Owen Power is hit by Alex Killorn and loses puck.
6:09 of 1st period - Jamie Benn is hit by Kevin Shattenkirk.
6:16 of 1st period - Jamie Benn is hit by Ben Chiarot and loses puck.
6:20 of 1st period - Reilly Smith is hit by Ben Chiarot and loses puck.
6:23 of 1st period - Shot by Jamie Benn.
6:23 of 1st period - Goal by Jamie Benn - Lightning : 0 - Panthers : 1.
6:24 of 1st period - Brock Nelson wins face-off versus Aleksander Barkov in neutral zone.
7:09 of 1st period - Shot by Andrei Svechnikov.
7:09 of 1st period - Stopped by Jacob Markstrom without a rebound.
7:10 of 1st period - Patrice Bergeron wins face-off versus Frederick Gaudreau in Lightning zone.
7:10 of 1st period - Patrice Bergeron is hit by Frederick Gaudreau.
7:34 of 1st period - Off-side.
7:35 of 1st period - Ryan Strome wins face-off versus Mikael Backlund in neutral zone.
7:43 of 1st period - Alex Killorn is hit by Jake Sanderson and loses puck.
8:20 of 1st period - Shot by Alex Killorn.
8:20 of 1st period - Stopped by Craig Anderson without a rebound.
8:21 of 1st period - Jeff Skinner wins face-off versus Aleksander Barkov in Panthers zone.
8:21 of 1st period - Brandon Montour is hit by Charlie McAvoy and loses puck.
8:31 of 1st period - Brock Nelson is hit by Charlie McAvoy and loses puck.
8:37 of 1st period - Brock Nelson is hit by Charlie McAvoy and loses puck.
8:48 of 1st period - Shot by Jeff Skinner.
8:48 of 1st period - Shot Misses the Net.
8:50 of 1st period - Shot by Brock Nelson.
8:50 of 1st period - Shot Misses the Net.
8:52 of 1st period - Shot by Brock Nelson.
8:52 of 1st period - Stopped by Craig Anderson without a rebound.
8:52 of 1st period - Minor Penalty to Quinn Hughes for Holding.
8:53 of 1st period - Mikael Backlund wins face-off versus Patrice Bergeron in Panthers zone.
8:53 of 1st period - Mikael Backlund is hit by Sam Bennett.
9:12 of 1st period - Shot by Sam Bennett.
9:12 of 1st period - Goal by Sam Bennett - Lightning : 1 - Panthers : 1.
9:13 of 1st period - Roope Hintz wins face-off versus Dawson Mercer in neutral zone.
9:23 of 1st period - Minor Penalty to Brandon Montour for Hooking.
9:24 of 1st period - Andrei Svechnikov wins face-off versus Teddy Blueger in Lightning zone.
9:24 of 1st period - Aleksander Barkov is hit by Kaiden Guhle and loses puck.
10:08 of 1st period - Aleksander Barkov is hit by Kaiden Guhle and loses puck.
10:31 of 1st period - Shot by Roope Hintz.
10:31 of 1st period - Stopped by Jacob Markstrom without a rebound.
10:32 of 1st period - Roope Hintz wins face-off versus Teddy Blueger in Lightning zone.
10:49 of 1st period - Shot by Mike Matheson.
10:49 of 1st period - Stopped by Jacob Markstrom without a rebound.
10:50 of 1st period - Teddy Blueger wins face-off versus Aleksander Barkov in Lightning zone.
11:18 of 1st period - Charlie McAvoy is hit by Ben Chiarot.
11:29 of 1st period - William Karlsson is hit by Brady Tkachuk and loses puck.
12:05 of 1st period - Shot by Brady Tkachuk.
12:05 of 1st period - Stopped by Jacob Markstrom without a rebound.
12:06 of 1st period - Frederick Gaudreau wins face-off versus Brock Nelson in Lightning zone.
12:13 of 1st period - Shot by Brock Nelson.
12:13 of 1st period - Shot Misses the Net.
12:16 of 1st period - Icing by Mike Matheson.
12:17 of 1st period - Teddy Blueger wins face-off versus Frederick Gaudreau in Panthers zone.
12:47 of 1st period - Erik Haula is hit by Mike Matheson and loses puck.
13:25 of 1st period - Shot by Aleksander Barkov.
13:25 of 1st period - Stopped by Jacob Markstrom without a rebound.
13:26 of 1st period - Roope Hintz wins face-off versus Patrice Bergeron in Lightning zone.
13:27 of 1st period - Shot by Jack Hughes.
13:27 of 1st period - Deflect By Roope Hintz.
13:27 of 1st period - Stopped by Jacob Markstrom with a rebound.
13:29 of 1st period - Shot by Owen Power.
13:29 of 1st period - Shot Misses the Net.
13:31 of 1st period - Shot by Roope Hintz.
13:31 of 1st period - Shot Misses the Net.
14:14 of 1st period - Icing by Ben Chiarot.
14:15 of 1st period - Aleksander Barkov wins face-off versus Patrice Bergeron in Lightning zone.
14:48 of 1st period - Shot by Charlie McAvoy.
14:48 of 1st period - Stopped by Jacob Markstrom without a rebound.
14:49 of 1st period - Brock Nelson wins face-off versus Mikael Backlund in Lightning zone.
14:49 of 1st period - Brock Nelson is hit by Jamie Benn.
15:25 of 1st period - Icing by Brandon Montour.
15:26 of 1st period - Aleksander Barkov wins face-off versus Brock Nelson in Lightning zone.
15:33 of 1st period - Shot by Aleksander Barkov.
15:33 of 1st period - Deflect By Matthew Tkachuk.
15:33 of 1st period - Stopped by Jacob Markstrom without a rebound.
15:34 of 1st period - Aleksander Barkov wins face-off versus Ryan Strome in Lightning zone.
15:34 of 1st period - Owen Power is hit by Andrew Peeke and loses puck.
15:45 of 1st period - Shot by Alex Killorn.
15:45 of 1st period - Stopped by Craig Anderson without a rebound.
15:46 of 1st period - Roope Hintz wins face-off versus Teddy Blueger in Panthers zone.
16:05 of 1st period - Shot by Brady Tkachuk.
16:05 of 1st period - Stopped by Jacob Markstrom without a rebound.
16:06 of 1st period - Brock Nelson wins face-off versus Aleksander Barkov in Lightning zone.
16:11 of 1st period - Jeff Skinner is hit by Andrei Svechnikov and loses puck.
16:40 of 1st period - Jeff Skinner is hit by Matthew Tkachuk and loses puck.
17:29 of 1st period - Shot by Sam Bennett.
17:29 of 1st period - Stopped by Craig Anderson without a rebound.
17:30 of 1st period - Ryan Strome wins face-off versus Mikael Backlund in Panthers zone.
17:39 of 1st period - Shot by Mikael Backlund.
17:39 of 1st period - Shot Misses the Net.
17:41 of 1st period - Shot by Reilly Smith.
17:41 of 1st period - Stopped by Jacob Markstrom without a rebound.
17:42 of 1st period - Patrice Bergeron wins face-off versus Frederick Gaudreau in Lightning zone.
17:47 of 1st period - Mike Matheson is hit by Sam Bennett and loses puck.
17:51 of 1st period - Icing by Oliver Ekman-Larsson.
17:52 of 1st period - Frederick Gaudreau wins face-off versus Ryan Strome in Panthers zone.
17:59 of 1st period - Shot by Michael McLeod.
17:59 of 1st period - Shot Misses the Net.
18:01 of 1st period - Shot by Michael McLeod.
18:01 of 1st period - Stopped by Jacob Markstrom without a rebound.
18:02 of 1st period - Patrice Bergeron wins face-off versus Aleksander Barkov in Lightning zone.
18:12 of 1st period - Icing by William Karlsson.
18:13 of 1st period - Patrice Bergeron wins face-off versus Jamie Benn in Lightning zone.
18:13 of 1st period - Patrice Bergeron is hit by Jamie Benn.
18:29 of 1st period - Shot by Sam Bennett.
18:29 of 1st period - Stopped by Craig Anderson with a rebound.
18:31 of 1st period - Shot by Patrice Bergeron.
18:31 of 1st period - Stopped by Craig Anderson without a rebound.
18:32 of 1st period - Brock Nelson wins face-off versus Aleksander Barkov in Panthers zone.
18:35 of 1st period - Shot by Tyler Toffoli.
18:35 of 1st period - Stopped by Craig Anderson without a rebound.
18:36 of 1st period - Brock Nelson wins face-off versus Aleksander Barkov in Panthers zone.
19:01 of 1st period - Shot by Brock Nelson.
19:01 of 1st period - Stopped by Craig Anderson without a rebound.
19:02 of 1st period - Roope Hintz wins face-off versus Patrice Bergeron in Panthers zone.
19:27 of 1st period - Shot by Kevin Shattenkirk.
19:27 of 1st period - Shot Blocked by Owen Power.
19:29 of 1st period - Shot by Kevin Shattenkirk.
19:29 of 1st period - Shot Misses the Net.
19:37 of 1st period - Shot by William Karlsson.
19:37 of 1st period - Shot Misses the Net.
19:39 of 1st period - Shot by Patrice Bergeron.
19:39 of 1st period - Stopped by Craig Anderson without a rebound.
19:40 of 1st period - Andrei Svechnikov wins face-off versus Brock Nelson in Panthers zone.
19:45 of 1st period - Shot by Aleksander Barkov.
19:45 of 1st period - Shot Blocked by John Klingberg.
19:47 of 1st period - Shot by Charlie McAvoy.
19:47 of 1st period - Shot Misses the Net.
Goals for this period are 1 for Lightning vs 1 for Panthers.
Shots for this period are 11 for Lightning vs 12 for Panthers.

2nd period


0:01 of 2nd period - Brock Nelson wins face-off versus Aleksander Barkov in neutral zone.
0:08 of 2nd period - Shot by Tyler Toffoli.
0:08 of 2nd period - Shot Blocked by Quinn Hughes.
0:23 of 2nd period - Jeff Skinner is hit by Quinn Hughes and loses puck.
0:25 of 2nd period - Minor Penalty to Charlie McAvoy for Delaying the game.
0:26 of 2nd period - Patrice Bergeron wins face-off versus Mikael Backlund in Panthers zone.
0:58 of 2nd period - Off-side.
0:59 of 2nd period - Mikael Backlund wins face-off versus William Karlsson in neutral zone.
1:16 of 2nd period - William Karlsson is hit by Frederick Gaudreau and loses puck.
1:25 of 2nd period - Shot by Jeff Skinner.
1:25 of 2nd period - Shot Blocked by Quinn Hughes.
1:27 of 2nd period - Shot by William Karlsson.
1:27 of 2nd period - Shot Blocked by Oliver Ekman-Larsson.
1:29 of 2nd period - Shot by Jeff Skinner.
1:29 of 2nd period - Stopped by Craig Anderson with a rebound.
2:41 of 2nd period - Shot by Ryan Strome.
2:41 of 2nd period - Shot Blocked by Oliver Ekman-Larsson.
3:20 of 2nd period - Icing by Kaiden Guhle.
3:21 of 2nd period - Ryan Strome wins face-off versus Roope Hintz in Lightning zone.
3:41 of 2nd period - Minor Penalty to Jake Sanderson for Hooking.
3:42 of 2nd period - Mikael Backlund wins face-off versus Patrice Bergeron in Panthers zone.
3:42 of 2nd period - Mikael Backlund is hit by Sam Bennett.
4:08 of 2nd period - Shot by Brock Nelson.
4:08 of 2nd period - Shot Misses the Net.
4:10 of 2nd period - Shot by Brandon Montour.
4:10 of 2nd period - Stopped by Craig Anderson without a rebound.
4:11 of 2nd period - Tyler Toffoli wins face-off versus Mikael Backlund in Panthers zone.
4:12 of 2nd period - Shot by Kevin Shattenkirk.
4:12 of 2nd period - Shot Blocked by Quinn Hughes.
4:14 of 2nd period - Shot by William Karlsson.
4:14 of 2nd period - Stopped by Craig Anderson without a rebound.
4:15 of 2nd period - Mikael Backlund wins face-off versus William Karlsson in Panthers zone.
4:55 of 2nd period - Owen Power is hit by Tyler Toffoli and loses puck.
5:26 of 2nd period - Shot by Patrice Bergeron.
5:26 of 2nd period - Stopped by Craig Anderson without a rebound.
5:27 of 2nd period - Patrice Bergeron wins face-off versus Michael McLeod in Panthers zone.
6:16 of 2nd period - Shot by Alex Killorn.
6:16 of 2nd period - Stopped by Craig Anderson with a rebound.
6:18 of 2nd period - Shot by Andrew Peeke.
6:18 of 2nd period - Stopped by Craig Anderson with a rebound.
7:25 of 2nd period - Shot by Sam Bennett.
7:25 of 2nd period - Shot Blocked by Owen Power.
7:27 of 2nd period - Shot by Patrice Bergeron.
7:27 of 2nd period - Shot Blocked by Jake Sanderson.
7:32 of 2nd period - Icing by Owen Power.
7:33 of 2nd period - Teddy Blueger wins face-off versus Roope Hintz in Panthers zone.
7:53 of 2nd period - Jack Hughes is hit by Barclay Goodrow.
7:58 of 2nd period - Minor Penalty to Erik Haula for Tripping.
7:59 of 2nd period - Teddy Blueger wins face-off versus Aleksander Barkov in Lightning zone.
8:18 of 2nd period - Shot by Charlie McAvoy.
8:18 of 2nd period - Shot Misses the Net.
8:20 of 2nd period - Shot by Quinn Hughes.
8:20 of 2nd period - Shot Misses the Net.
8:22 of 2nd period - Shot by Quinn Hughes.
8:22 of 2nd period - Stopped by Jacob Markstrom with a rebound.
8:24 of 2nd period - Shot by Charlie McAvoy.
8:24 of 2nd period - Shot Misses the Net.
8:26 of 2nd period - Shot by Aleksander Barkov.
8:26 of 2nd period - Shot Misses the Net.
8:42 of 2nd period - Shot by Aleksander Barkov.
8:42 of 2nd period - Shot Misses the Net.
8:44 of 2nd period - Shot by Quinn Hughes.
8:44 of 2nd period - Shot Misses the Net.
10:21 of 2nd period - Shot by Mikael Backlund.
10:21 of 2nd period - Deflect By Reilly Smith.
10:21 of 2nd period - Shot Blocked by Patrice Bergeron.
10:31 of 2nd period - Shot by Mikael Backlund.
10:31 of 2nd period - Shot Misses the Net.
10:34 of 2nd period - Reilly Smith is hit by Andrew Peeke and loses puck.
11:04 of 2nd period - Shot by Tyler Toffoli.
11:04 of 2nd period - Shot Blocked by Owen Power.
11:15 of 2nd period - Icing by Owen Power.
11:16 of 2nd period - Frederick Gaudreau wins face-off versus Ryan Strome in Panthers zone.
11:16 of 2nd period - Frederick Gaudreau is hit by Alex Killorn.
11:39 of 2nd period - Icing by Dawson Mercer.
11:40 of 2nd period - Aleksander Barkov wins face-off versus Ryan Strome in Lightning zone.
12:01 of 2nd period - Shot by Ryan Strome.
12:01 of 2nd period - Stopped by Craig Anderson without a rebound.
12:02 of 2nd period - Mikael Backlund wins face-off versus Patrice Bergeron in Panthers zone.
12:02 of 2nd period - Mikael Backlund is hit by Sam Bennett.
12:15 of 2nd period - Minor Penalty to John Klingberg for Tripping.
12:16 of 2nd period - Teddy Blueger wins face-off versus Aleksander Barkov in Lightning zone.
12:16 of 2nd period - Teddy Blueger is hit by Andrei Svechnikov.
13:15 of 2nd period - Shot by Barclay Goodrow.
13:15 of 2nd period - Shot Blocked by Charlie McAvoy.
13:49 of 2nd period - Shot by Jack Hughes.
13:49 of 2nd period - Shot Hit the Post.
13:51 of 2nd period - Shot by Owen Power.
13:51 of 2nd period - Stopped by Jacob Markstrom without a rebound.
13:52 of 2nd period - Roope Hintz wins face-off versus Teddy Blueger in Lightning zone.
14:12 of 2nd period - Shot by Brady Tkachuk.
14:12 of 2nd period - Stopped by Jacob Markstrom without a rebound.
14:13 of 2nd period - Roope Hintz wins face-off versus Teddy Blueger in Lightning zone.
14:27 of 2nd period - Kaiden Guhle is hit by Jake Sanderson and loses puck.
15:36 of 2nd period - Icing by Mike Matheson.
15:37 of 2nd period - Erik Haula wins face-off versus Roope Hintz in Panthers zone.
15:48 of 2nd period - Shot by Jack Hughes.
15:48 of 2nd period - Shot Misses the Net.
15:50 of 2nd period - Shot by Oliver Ekman-Larsson.
15:50 of 2nd period - Goal by Oliver Ekman-Larsson - Lightning : 1 - Panthers : 2.
15:51 of 2nd period - Aleksander Barkov wins face-off versus Ryan Strome in neutral zone.
16:57 of 2nd period - Icing by Ben Chiarot.
16:58 of 2nd period - Roope Hintz wins face-off versus Patrice Bergeron in Lightning zone.
18:29 of 2nd period - Tyler Toffoli is hit by Mike Matheson and loses puck.
18:30 of 2nd period - Minor Penalty to Oliver Ekman-Larsson for High sticking.
18:31 of 2nd period - Mikael Backlund wins face-off versus Brock Nelson in Panthers zone.
18:42 of 2nd period - Shot by Brandon Montour.
18:42 of 2nd period - Shot Misses the Net.
Goals for this period are 0 for Lightning vs 1 for Panthers.
Shots for this period are 7 for Lightning vs 4 for Panthers.

3rd period


0:01 of 3rd period - Patrice Bergeron wins face-off versus Mikael Backlund in neutral zone.
0:32 of 3rd period - Shot by Sam Bennett.
0:32 of 3rd period - Shot Misses the Net.
0:35 of 3rd period - Icing by Andrei Svechnikov.
0:36 of 3rd period - Teddy Blueger wins face-off versus Andrei Svechnikov in Panthers zone.
0:36 of 3rd period - Teddy Blueger is hit by Owen Power.
0:49 of 3rd period - Icing by Owen Power.
0:50 of 3rd period - Brock Nelson wins face-off versus Matthew Tkachuk in Panthers zone.
1:21 of 3rd period - Shot by Tyler Toffoli.
1:21 of 3rd period - Shot Misses the Net.
2:03 of 3rd period - Shot by Patrice Bergeron.
2:03 of 3rd period - Shot Blocked by Charlie McAvoy.
2:05 of 3rd period - Shot by Ben Chiarot.
2:05 of 3rd period - Stopped by Craig Anderson without a rebound.
2:06 of 3rd period - Jamie Benn wins face-off versus Barclay Goodrow in Panthers zone.
2:06 of 3rd period - Jamie Benn is hit by Erik Haula.
3:15 of 3rd period - Shot by Jack Hughes.
3:15 of 3rd period - Stopped by Jacob Markstrom with a rebound.
3:21 of 3rd period - Shot by Jack Hughes.
3:21 of 3rd period - Deflect By Brady Tkachuk.
3:21 of 3rd period - Stopped by Jacob Markstrom with a rebound.
4:05 of 3rd period - Shot by Andrei Svechnikov.
4:05 of 3rd period - Stopped by Jacob Markstrom with a rebound.
4:07 of 3rd period - Shot by Aleksander Barkov.
4:07 of 3rd period - Goal by Aleksander Barkov - Lightning : 1 - Panthers : 3.
4:08 of 3rd period - Frederick Gaudreau wins face-off versus Patrice Bergeron in neutral zone.
4:19 of 3rd period - Patrice Bergeron is hit by Jake Sanderson and loses puck.
4:22 of 3rd period - Shot by Sam Bennett.
4:22 of 3rd period - Stopped by Craig Anderson without a rebound.
4:23 of 3rd period - Aleksander Barkov wins face-off versus Brock Nelson in Panthers zone.
4:30 of 3rd period - Shot by Aleksander Barkov.
4:30 of 3rd period - Shot Misses the Net.
4:32 of 3rd period - Shot by Oliver Ekman-Larsson.
4:32 of 3rd period - Goal by Oliver Ekman-Larsson - Lightning : 1 - Panthers : 4.
4:33 of 3rd period - Patrice Bergeron wins face-off versus Matthew Tkachuk in neutral zone.
4:49 of 3rd period - Off-side.
4:50 of 3rd period - Brock Nelson wins face-off versus Roope Hintz in neutral zone.
4:52 of 3rd period - Off-side.
4:53 of 3rd period - Patrice Bergeron wins face-off versus Aleksander Barkov in neutral zone.
5:00 of 3rd period - Shot by William Karlsson.
5:00 of 3rd period - Stopped by Craig Anderson without a rebound.
5:01 of 3rd period - Patrice Bergeron wins face-off versus Aleksander Barkov in Panthers zone.
5:21 of 3rd period - Icing by Aleksander Barkov.
5:22 of 3rd period - Brock Nelson wins face-off versus Aleksander Barkov in Panthers zone.
5:45 of 3rd period - Shot by Brock Nelson.
5:45 of 3rd period - Stopped by Craig Anderson without a rebound.
5:46 of 3rd period - Patrice Bergeron wins face-off versus Roope Hintz in Panthers zone.
6:20 of 3rd period - Shot by Owen Power.
6:20 of 3rd period - Stopped by Jacob Markstrom without a rebound.
6:21 of 3rd period - Aleksander Barkov wins face-off versus Brock Nelson in Lightning zone.
6:21 of 3rd period - Aleksander Barkov is hit by Ben Chiarot.
6:46 of 3rd period - Aleksander Barkov is hit by Ben Chiarot and loses puck.
7:14 of 3rd period - Icing by Kevin Shattenkirk.
7:15 of 3rd period - Roope Hintz wins face-off versus Brock Nelson in Lightning zone.
7:26 of 3rd period - Shot by Jack Hughes.
7:26 of 3rd period - Stopped by Jacob Markstrom without a rebound.
7:27 of 3rd period - Patrice Bergeron wins face-off versus Mikael Backlund in Lightning zone.
7:34 of 3rd period - Shot by Jamie Benn.
7:34 of 3rd period - Stopped by Jacob Markstrom without a rebound.
7:35 of 3rd period - Patrice Bergeron wins face-off versus Roope Hintz in Lightning zone.
7:41 of 3rd period - Jack Hughes is hit by Sam Bennett and loses puck.
8:17 of 3rd period - Shot by Patrice Bergeron.
8:17 of 3rd period - Stopped by Craig Anderson without a rebound.
8:18 of 3rd period - Ryan Strome wins face-off versus Aleksander Barkov in Panthers zone.
8:28 of 3rd period - Aleksander Barkov is hit by Ryan Strome and loses puck.
8:41 of 3rd period - Shot by Andrei Svechnikov.
8:41 of 3rd period - Stopped by Jacob Markstrom with a rebound.
8:43 of 3rd period - Shot by Aleksander Barkov.
8:43 of 3rd period - Shot Misses the Net.
8:45 of 3rd period - Shot by Aleksander Barkov.
8:45 of 3rd period - Stopped by Jacob Markstrom without a rebound.
8:46 of 3rd period - Mikael Backlund wins face-off versus Brock Nelson in Lightning zone.
8:51 of 3rd period - Shot by Mikael Backlund.
8:51 of 3rd period - Shot Misses the Net.
9:07 of 3rd period - Shot by Jamie Benn.
9:07 of 3rd period - Stopped by Jacob Markstrom without a rebound.
9:08 of 3rd period - Aleksander Barkov wins face-off versus Patrice Bergeron in Lightning zone.
9:08 of 3rd period - Andrei Svechnikov is hit by Brandon Montour and loses puck.
9:28 of 3rd period - Minor Penalty to Sam Bennett for Hooking.
9:29 of 3rd period - Teddy Blueger wins face-off versus Roope Hintz in Lightning zone.
9:29 of 3rd period - Kevin Shattenkirk is hit by Brady Tkachuk and loses puck.
10:22 of 3rd period - Teddy Blueger is hit by Brady Tkachuk and loses puck.
10:47 of 3rd period - Shot by Quinn Hughes.
10:47 of 3rd period - Deflect By Aleksander Barkov.
10:47 of 3rd period - Shot Misses the Net.
11:03 of 3rd period - Shot by Aleksander Barkov.
11:03 of 3rd period - Shot Misses the Net.
11:05 of 3rd period - Shot by Quinn Hughes.
11:05 of 3rd period - Shot Misses the Net.
11:07 of 3rd period - Shot by Quinn Hughes.
11:07 of 3rd period - Stopped by Jacob Markstrom with a rebound.
11:13 of 3rd period - Shot by Aleksander Barkov.
11:13 of 3rd period - Shot Blocked by Kevin Shattenkirk.
11:28 of 3rd period - Mike Matheson is hit by Andrew Peeke.
11:33 of 3rd period - Jamie Benn is hit by Andrew Peeke and loses puck.
12:04 of 3rd period - Shot by Jamie Benn.
12:04 of 3rd period - Deflect By Reilly Smith.
12:04 of 3rd period - Goal by Reilly Smith - Lightning : 1 - Panthers : 5.
12:05 of 3rd period - Frederick Gaudreau wins face-off versus Brock Nelson in neutral zone.
12:05 of 3rd period - Mike Matheson is hit by Tyler Toffoli and loses puck.
12:30 of 3rd period - Icing by Oliver Ekman-Larsson.
12:31 of 3rd period - Frederick Gaudreau wins face-off versus Ryan Strome in Panthers zone.
12:57 of 3rd period - Shot by Frederick Gaudreau.
12:57 of 3rd period - Shot Misses the Net.
13:20 of 3rd period - Icing by Quinn Hughes.
13:21 of 3rd period - Aleksander Barkov wins face-off versus Patrice Bergeron in Panthers zone.
13:21 of 3rd period - Aleksander Barkov is hit by Sam Bennett.
13:29 of 3rd period - Shot by Sam Bennett.
13:29 of 3rd period - Shot Misses the Net.
13:31 of 3rd period - Shot by John Klingberg.
13:31 of 3rd period - Goal by John Klingberg - Lightning : 2 - Panthers : 5.
13:32 of 3rd period - Roope Hintz wins face-off versus Brock Nelson in neutral zone.
13:45 of 3rd period - Icing by Jake Sanderson.
13:46 of 3rd period - Roope Hintz wins face-off versus Patrice Bergeron in Panthers zone.
13:46 of 3rd period - Roope Hintz is hit by Sam Bennett.
13:56 of 3rd period - Shot by Brady Tkachuk.
13:56 of 3rd period - Shot Misses the Net.
14:14 of 3rd period - Shot by Jack Hughes.
14:14 of 3rd period - Shot Misses the Net.
14:16 of 3rd period - Shot by Jake Sanderson.
14:16 of 3rd period - Shot Misses the Net.
14:18 of 3rd period - Shot by Brady Tkachuk.
14:18 of 3rd period - Shot Blocked by Kevin Shattenkirk.
14:20 of 3rd period - Shot by Roope Hintz.
14:20 of 3rd period - Shot Misses the Net.
14:22 of 3rd period - Shot by Jack Hughes.
14:22 of 3rd period - Goal by Jack Hughes - Lightning : 2 - Panthers : 6.
14:23 of 3rd period - Brock Nelson wins face-off versus Aleksander Barkov in neutral zone.
14:38 of 3rd period - Shot by Aleksander Barkov.
14:38 of 3rd period - Shot Misses the Net.
15:45 of 3rd period - Shot by Jamie Benn.
15:45 of 3rd period - Stopped by Jacob Markstrom without a rebound.
15:46 of 3rd period - Brady Tkachuk wins face-off versus Patrice Bergeron in Lightning zone.
15:47 of 3rd period - Shot by Jack Hughes.
15:47 of 3rd period - Stopped by Jacob Markstrom with a rebound.
15:49 of 3rd period - Shot by Jack Hughes.
15:49 of 3rd period - Shot Misses the Net.
15:51 of 3rd period - Shot by Owen Power.
15:51 of 3rd period - Stopped by Jacob Markstrom with a rebound.
15:56 of 3rd period - Icing by Kevin Shattenkirk.
15:57 of 3rd period - Patrice Bergeron wins face-off versus Frederick Gaudreau in Lightning zone.
16:18 of 3rd period - Shot by Patrice Bergeron.
16:18 of 3rd period - Deflect By Sam Bennett.
16:18 of 3rd period - Shot Blocked by Owen Power.
16:20 of 3rd period - Shot by Patrice Bergeron.
16:20 of 3rd period - Shot Misses the Net.
17:13 of 3rd period - Icing by Kaiden Guhle.
17:14 of 3rd period - Ryan Strome wins face-off versus Roope Hintz in Lightning zone.
17:14 of 3rd period - Ryan Strome is hit by Brady Tkachuk.
17:37 of 3rd period - Ryan Strome is hit by Oliver Ekman-Larsson and loses puck.
17:58 of 3rd period - Shot by Roope Hintz.
17:58 of 3rd period - Stopped by Jacob Markstrom without a rebound.
17:59 of 3rd period - Patrice Bergeron wins face-off versus Aleksander Barkov in Lightning zone.
18:35 of 3rd period - Shot by William Karlsson.
18:35 of 3rd period - Stopped by Craig Anderson without a rebound.
18:36 of 3rd period - Mikael Backlund wins face-off versus Brock Nelson in Panthers zone.
19:07 of 3rd period - Mikael Backlund is hit by Tyler Toffoli.
Goals for this period are 1 for Lightning vs 4 for Panthers.
Shots for this period are 7 for Lightning vs 18 for Panthers.